 Dungeon Crawl Stone Soup version 0.28.0-53-g5a82cb258f (webtiles) character file.

Game seed: 17779164874667080783

65955 raph the Marksminotaur (level 14, -9/118 HPs)
             Began as a Minotaur Hunter on June 25, 2022.
             Was a High Priest of Okawaru.
             Mangled by a meliai
             ... wielding a +0 war axe
              (13 damage)
             ... on level 14 of the Dungeon.
             The game lasted 00:37:22 (29310 turns).

raph the Marksminotaur (Minotaur Hunter)           Turns: 29310, Time: 00:37:23

Health: -9/118     AC: 30    Str: 20    XL:     14   Next: 77%
Magic:  16/21      EV: 13    Int:  8    God:    Okawaru [*****.]
Gold:   330        SH:  0    Dex: 15    Spells: 13/13 levels left

rFire   . . .      SeeInvis +   b - +10 trident of the Warrior-Mage {flame, Will+}
rCold   . . .      Faith    .   (no shield)
rNeg    . . .      Spirit   .   G - +7 plate armour of Gallantry {rPois Str+2}
rPois   +          Reflect  .   (helmet restricted)
rElec   .          Harm     .   y - +2 cloak
rCorr   .          Rampage  .   Q - +1 pair of gloves {Stlth+}
Will    ++++.                   R - +2 pair of boots of Lies {rPois rC- Will++ SInv}
Stlth   ..........              q - amulet of magic regeneration
HPRegen 0.29/turn               J - ring of protection from cold
MPRegen 0.57/turn               O - +4 ring of evasion

@: finesse-ful
A: horns 2, retaliatory headbutt
a: Renounce Religion, Heroism, Finesse, Duel


You were on level 14 of the Dungeon.
You worshipped Okawaru.
Okawaru was extremely pleased with you.
You visited 3 branches of the dungeon, and saw 21 of its levels.
You also visited: Sewer and Bailey.

You collected 1477 gold pieces.
You spent 1147 gold pieces at shops.

Inventory:

Hand Weapons
 a - a +2 vorpal longbow
 b - the +10 trident of the Warrior-Mage (weapon) {flame, Will+}
   (You took it off an orc on level 4 of the Dungeon)

   It burns those it strikes, dealing additional fire damage.
   Will:      It increases your willpower.
 f - a +2 shortbow of venom
 w - a +3 glaive of electrocution
Missiles
 d - 560 arrows
 C - a throwing net (quivered)
Armour
 y - a +2 cloak (worn)
 F - the +1 plate armour "Etoo" {rC+++ Str+4 Int-3}
   (You found it in a bailey)

   Str:       It affects your strength (+4).
   Int:       It affects your intelligence (-3).
   rC:        It renders you almost immune to cold.
 G - the +7 plate armour of Gallantry (worn) {rPois Str+2}
   (You found it on level 10 of the Dungeon)

   Str:       It affects your strength (+2).
   rPois:     It protects you from poison.
 N - a +0 crystal plate armour
 Q - a +1 pair of gloves of stealth (worn)
 R - the +2 pair of boots of Lies (worn) {rPois rC- Will++ SInv}
   (Okawaru gifted it to you on level 2 of the Lair of Beasts)

   rC:        It makes you vulnerable to cold.
   rPois:     It protects you from poison.
   SInv:      It lets you see invisible.
   Will:      It greatly increases your willpower.
 S - the +8 plate armour "Ymameis" {MP+9}
   (Okawaru gifted it to you on level 5 of the Lair of Beasts)

   MP:        It affects your magic capacity (+9).
 V - the +2 pair of gloves of Eqim {Rampage rC+ Str-5 Int+2 Dex+7}
   (Okawaru gifted it to you on level 6 of the Lair of Beasts)

   Str:       It affects your strength (-5).
   Int:       It affects your intelligence (+2).
   Dex:       It affects your dexterity (+7).
   rC:        It protects you from cold.
   Rampage:   It bestows one free step when moving towards enemies.
Jewellery
 g - a ring of willpower
 q - an amulet of magic regeneration (around neck)
 v - a ring of poison resistance
 B - a ring of protection from fire
 J - a ring of protection from cold (left hand)
 O - a +4 ring of evasion (right hand)
 T - a ring of flight
Wands
 c - a wand of acid (4)
 p - a wand of flame (22)
 t - a wand of digging (24)
 u - a wand of mindburst (5)
 U - a wand of paralysis (11)
Scrolls
 h - 8 scrolls of magic mapping
 r - a scroll of silence
 z - 3 scrolls of fear
 E - 2 scrolls of brand weapon
 H - 3 scrolls of fog
 I - a scroll of amnesia
 K - 5 scrolls of teleportation
 P - 5 scrolls of identify
 W - 3 scrolls of immolation
Potions
 e - 6 potions of flight
 i - 4 potions of heal wounds
 j - a potion of resistance
 k - a potion of lignification
 l - 3 potions of ambrosia
 m - 5 potions of might
 n - 5 potions of cancellation
 o - 2 potions of mutation
 s - 12 potions of curing
 x - 7 potions of haste
 A - 2 potions of brilliance
 L - a potion of invisibility
 M - 4 potions of attraction
Miscellaneous
 D - a lightning rod (4/4)


   Skills:
 - Level 9.3 Fighting
 * Level 16.4 Polearms
 * Level 16.5 Bows
 + Level 9.3 Armour
 - Level 8.4 Dodging
 - Level 1.7 Stealth
 * Level 11.6 Invocations


You had 13 spell levels left.
You didn't know any spells.
Your spell library contained the following spells:

 Spells                   Type           Power      Damage    Failure   Level
 Sandblast                Erth           0%         2d4       100%        1
 Passwall                 Tmut/Erth      0%         N/A       100%        2
 Static Discharge         Conj/Air       0%         N/A       100%        2
 Confusing Touch          Hex            0%         N/A       100%        3
 Conjure Flame            Conj/Fire      0%         6-21      100%        3
 Ignite Poison            Fire/Tmut/Pois 0%         N/A       100%        3
 Stone Arrow              Conj/Erth      0%         3d7       100%        3
 Dispel Undead            Necr           0%         3d6       100%        4
 Sticky Flame             Conj/Fire      0%         2d3       100%        4
 Yara's Violent Unravell  Hex/Tmut       0%         3d3       100%        5
 Dispersal                Tloc           0%         N/A       100%        6
 Enfeeble                 Hex            0%         N/A       100%        7
 Disjunction              Tloc           0%         N/A       100%        8
 Summon Small Mammal      Summ           Unusable   N/A       N/A         1
 Call Canine Familiar     Summ           Unusable   N/A       N/A         3
 Summon Guardian Golem    Hex/Summ       Unusable   N/A       N/A         3

Dungeon Overview and Level Annotations

Branches:
Dungeon (14/15)            Temple (1/1) D:7            Lair (6/6) D:8
  Swamp (0/4) Lair:4        Snake (0/4) Lair:4        Slime (0/5) Lair:6
    Orc (0/2) D:12          Sewer (visited)          Bailey (visited)
 Vaults: D:13-14

Altars:
Ashenzari
Cheibriados
Dithmenos
Elyvilon
Fedhas
Gozag
Hepliaklqana
Kikubaaqudgha
Makhleb
Nemelex Xobeh
Okawaru
Qazlal
Ru
Sif Muna
Trog
Uskayaw
Vehumet
Wu Jian
Xom
Yredelemnul
Zin
The Shining One
Beogh

Shops:
D:4 (   D:6 [   D:9 !

Annotations:
D:6 1 runed translucent door, PentaManta's ghost, novice MfTm


Innate Abilities, Weirdness & Mutations

You have a pair of horns on your head.
You reflexively headbutt those who attack you in melee.


Message History

Something smites you! The meliai hits you but does no damage.
The meliai misses you. The meliai misses you.
The meliai stings you but does no damage.
The boulder beetle leaps!
The meliai mumbles some strange prayers to its god against you.
Something smites you!
* * * LOW HITPOINT WARNING * * *
The meliai misses you. You furiously retaliate!
You headbutt the meliai.
The meliai stings you but does no damage.
The meliai mumbles some strange prayers to its god against you.
Something smites you!
* * * LOW HITPOINT WARNING * * *
The meliai mumbles some strange prayers to its god against you.
Something smites you!
* * * LOW HITPOINT WARNING * * *
The meliai barely misses you. You furiously retaliate!
You headbutt the meliai. The meliai stings you.
* * * LOW HITPOINT WARNING * * *
There is a large open door here.
You feel much better. The meliai hits you with a +0 war axe.
* * * LOW HITPOINT WARNING * * *
The meliai stings you but does no damage.
The meliai calls down the wrath of its god upon you.
Something smites you!
* * * LOW HITPOINT WARNING * * *
The meliai closely misses you. x2; The meliai barely misses you.
The meliai stings you but does no damage.
The meliai hits you but does no damage.
The meliai stings you but does no damage.
The meliai hits you with a +0 war axe.
* * * LOW HITPOINT WARNING * * *
The meliai stings you.
* * * LOW HITPOINT WARNING * * *
You can now deal lightning-fast blows.
The meliai invokes the aid of its god against you.
Something smites you!
* * * LOW HITPOINT WARNING * * *
The meliai hits you with a +0 war axe!
You die...

##### #.# #.#
#.# #.#
...?...##.# #.#
........### #.#
.........## #.#
........).###.#
...........##.#
^.........#.#
#§......#@#
#......#y#
#(.....'y#
#)(....'.#
#[.....#.#
#≈......#.#
..........#.#
..........##.#
..........###.#


You could see 2 meliai.

Vanquished Creatures
  Kirke (Lair:6)
  An orc warlord (Bailey)
  Josephine (Lair:5)
  Erolcha (D:12)
  7 hydras
  4 catoblepae
  A two-headed ogre (D:11)
  A centaur warrior (D:13)
  5 death yaks (Lair:6)
  Urug (D:12)
  3 skeletal warriors (D:13)
  2 lindwurms
  2 deep elf pyromancers
  5 ugly things
  2 manticores (Lair:6)
  An oklob plant (Lair:2)
  4 cyclopes
  5 black mambas
  2 centaur zombies
  A gargoyle (D:9)
  3 unseen horrors (D:12)
  14 cane toads
  Maggie (D:6)
  4 rime drakes
  An efreet (D:13)
  9 komodo dragons
  6 trolls
  4 meliai (D:14)
  2 tyrant leeches (Lair:4)
  2 polar bears
  14 blink frogs
  4 slime creatures (D:12)
  A shadow (D:9)
  90 yaks
  A jumping spider (shapeshifter) (D:13)
  A water elemental (D:13)
  4 wraiths
  3 wyverns (D:8)
  A vampire (D:10)
  3 fire bats (Lair:5)
  7 basilisks
  Grum (D:8)
  4 hogs (Lair:6)
  A human (Lair:6)
  4 vampire mosquitoes
  2 acid dragons
  A swamp worm (Lair:4)
  20 water moccasins
  A hornet zombie (D:7)
  15 orc warriors
  A sky beast (D:6)
  3 black bears
  2 ice beasts
  2 ogres (D:5)
  4 boggarts (D:14)
  10 centaurs
  9 wolves
  2 phantoms (D:6)
  11 bullfrogs
  2 kobold brigands (Sewer)
  2 gnoll sergeants
  2 scorpions
  A wyvern skeleton (D:7)
  14 killer bees
  A water moccasin skeleton (D:5)
  4 wights (D:7)
  3 electric eels
  8 howler monkeys
  A hound (D:6)
  3 jellies (Lair:6)
  5 orc priests
  2 centaur skeletons
  2 bullfrog skeletons
  Jessica (D:2)
  4 iguanas
  11 orc wizards
  A howler monkey zombie (D:6)
  18 gnolls
  3 howler monkey skeletons
  2 river rats (Sewer)
  7 adders
  A white imp (D:7)
  An ufetubus (D:5)
  An adder skeleton (D:5)
  2 worms (Sewer)
  2 dart slugs
  53 orcs
  9 ball pythons
  8 endoplasms
  5 giant cockroaches
  14 goblins
  11 hobgoblins
  4 jackals (D:4)
  14 kobolds
  3 quokkas
  5 bats
  4 frilled lizards
  14 rats
566 creatures vanquished.

Vanquished Creatures (others)
  4 bushes (D:8)
  22 fungi
  47 plants
73 creatures vanquished.

Grand Total: 639 creatures vanquished

Notes
Turn   | Place    | Note
-------+----------+-------------------------------------------
     0 | D:1      | raph the Minotaur Hunter began the quest for the Orb.
     0 | D:1      | Reached XP level 1. HP: 18/18 MP: 0/0
   357 | D:1      | Reached skill level 1 in Stealth
   368 | D:1      | Reached XP level 2. HP: 20/25 MP: 1/1
   823 | D:1      | Found a faded altar of an unknown god.
  1040 | D:2      | Noticed Jessica
  1049 | D:2      | Killed Jessica
  1050 | D:2      | Reached skill level 5 in Bows
  1050 | D:2      | Reached XP level 3. HP: 29/31 MP: 2/2
  1077 | D:2      | Found an ornate altar of the Wu Jian Council.
  1647 | D:3      | Reached XP level 4. HP: 30/38 MP: 3/3
  3127 | D:4      | Found Numeix's Antique Weapon Shop.
  3297 | D:4      | Identified the +10 trident of the Warrior-Mage {flame,
                  | Will+}
  3506 | D:4      | Reached XP level 5. HP: 20/46 MP: 4/4
  4310 | D:5      | Entered Level 5 of the Dungeon
  4320 | D:5      | Noticed a black bear
  4350 | D:5      | Killed a black bear
  4351 | D:5      | Reached XP level 6. HP: 53/53 MP: 5/5
  4879 | D:5      | Reached XP level 7. HP: 60/60 MP: 6/6
  5050 | D:5      | Reached skill level 5 in Fighting
  5112 | D:5      | Reached skill level 5 in Dodging
  5488 | D:4      | Bought a glowing glaive for 237 gold pieces
  5793 | D:6      | Found Vanil's Antique Armour Boutique.
  5857 | D:6      | Found a glowing drain.
  5861 | Sewer    | Entered a sewer
  5884 | Sewer    | Reached XP level 8. HP: 64/70 MP: 7/7
  6591 | D:6      | Bought a cloak for 126 gold pieces
  6640 | D:6      | Found a runed translucent door.
  6640 | D:6      | Noticed PentaManta's ghost (novice MfTm)
  6648 | D:6      | Reached skill level 1 in Polearms
  7539 | D:6      | Noticed Maggie
  7559 | D:6      | Killed Maggie
  7560 | D:6      | Reached XP level 9. HP: 33/79 MP: 8/8
  7837 | D:6      | Found a snail-covered altar of Cheibriados.
  8094 | D:7      | Reached skill level 5 in Polearms
  8094 | D:7      | Reached skill level 10 in Bows
  8145 | D:7      | Found a staircase to the Ecumenical Temple.
  8151 | Temple   | Entered the Ecumenical Temple
  8460 | Temple   | Became a worshipper of Warmaster Okawaru
  9347 | D:7      | Reached * piety under Okawaru
 10053 | D:8      | Noticed Grum
 10064 | D:8      | Reached XP level 10. HP: 53/88 MP: 7/9
 10071 | D:8      | Killed Grum
 10071 | D:8      | Reached ** piety under Okawaru
 10910 | D:8      | Reached *** piety under Okawaru
 10980 | D:8      | Found a staircase to the Lair.
 12095 | D:9      | Noticed a gargoyle
 12104 | D:9      | Killed a gargoyle
 12191 | D:9      | Reached **** piety under Okawaru
 12590 | D:9      | Found Villal's Distillery.
 12594 | D:9      | Bought a potion of haste for 140 gold pieces
 12969 | D:10     | Entered Level 10 of the Dungeon
 13160 | D:10     | Reached XP level 11. HP: 92/97 MP: 10/10
 13335 | D:10     | Found a flagged portal.
 13350 | Bailey   | Entered a bailey
 13586 | Bailey   | Noticed an orc warlord
 14181 | Bailey   | Reached skill level 1 in Invocations
 14319 | Bailey   | Found a runed translucent gate.
 14327 | Bailey   | Found a runed translucent gate.
 14328 | Bailey   | Found a runed translucent gate.
 14677 | Bailey   | Killed an orc warlord
 14678 | Bailey   | Reached skill level 10 in Polearms
 15049 | Bailey   | Identified the +1 plate armour "Etoo" {rC+++ Str+4 Int-3}
 15072 | D:10     | Acquired a +1 vorpal longbow
 15200 | D:10     | Identified the +7 plate armour of Gallantry {rPois Str+2}
 15224 | D:10     | Received a gift from Okawaru
 15880 | D:10     | Reached skill level 1 in Armour
 16070 | Lair:1   | Entered Level 1 of the Lair of Beasts
 16576 | Lair:1   | Received a gift from Okawaru
 17224 | Lair:2   | Received a gift from Okawaru
 17443 | Lair:2   | You fall into a shaft and drop 2 floors!
 17483 | Lair:4   | Reached skill level 5 in Invocations
 17526 | Lair:4   | Reached ***** piety under Okawaru
 17526 | Lair:4   | Received a gift from Okawaru
 17682 | Lair:4   | Found a staircase to the Snake Pit.
 17791 | Lair:3   | Received a gift from Okawaru
 18141 | Lair:3   | Reached XP level 12. HP: 90/104 MP: 15/15
 18375 | Lair:3   | Noticed a seven-headed hydra
 18382 | Lair:3   | Killed a seven-headed hydra
 18803 | Lair:3   | Received a gift from Okawaru
 19181 | D:6      | Bought a pair of runed gloves for 210 gold pieces
 19389 | Lair:2   | Noticed a four-headed hydra
 19399 | Lair:2   | Killed a four-headed hydra
 19399 | Lair:2   | Identified the +2 pair of boots of Lies {rPois rC- Will++
                  | SInv} (Okawaru gifted it to you on level 2 of the Lair of
                  | Beasts)
 19399 | Lair:2   | Received a gift from Okawaru
 19645 | Lair:2   | Reached skill level 5 in Armour
 20432 | Lair:4   | Noticed an eight-headed hydra
 20441 | Lair:4   | Killed an eight-headed hydra
 20550 | Lair:4   | Found a staircase to the Swamp.
 21312 | Lair:5   | Noticed a catoblepas
 21333 | Lair:5   | Killed a catoblepas
 21758 | Lair:5   | Noticed Josephine
 21767 | Lair:5   | Killed Josephine
 21767 | Lair:5   | Received a gift from Okawaru
 21768 | Lair:5   | Reached XP level 13. HP: 100/111 MP: 18/18
 21924 | Lair:5   | Identified the +8 plate armour "Ymameis" {MP+9} (Okawaru
                  | gifted it to you on level 5 of the Lair of Beasts)
 21924 | Lair:5   | Received a gift from Okawaru
 22703 | Lair:6   | Entered Level 6 of the Lair of Beasts
 23047 | Lair:6   | Reached skill level 15 in Bows
 23251 | Lair:6   | Reached ****** piety under Okawaru
 23265 | Lair:6   | Identified the +2 pair of gloves of Eqim {Rampage rC+ Str-5
                  | Int+2 Dex+7} (Okawaru gifted it to you on level 6 of the
                  | Lair of Beasts)
 23265 | Lair:6   | Received a gift from Okawaru
 23407 | Lair:6   | Reached skill level 10 in Invocations
 23437 | Lair:6   | Reached skill level 15 in Polearms
 24003 | Lair:6   | Reached XP level 14. HP: 110/118 MP: 20/20
 24195 | Lair:6   | Found a staircase to the Slime Pits.
 24199 | Lair:6   | Noticed Kirke
 24254 | Lair:6   | Killed Kirke
 24295 | Lair:6   | Received a gift from Okawaru
 25159 | D:9      | Bought a potion of haste for 140 gold pieces
 25159 | D:9      | Bought a potion of haste for 140 gold pieces
 25159 | D:9      | Bought a potion of curing for 42 gold pieces
 25159 | D:9      | Bought a potion of cancellation for 112 gold pieces
 25859 | D:11     | Found a hazy altar of Hepliaklqana.
 25861 | D:11     | Found a shimmering altar of Xom.
 25861 | D:11     | Found a shimmering altar of Xom.
 25863 | D:11     | Found a stormy altar of Qazlal.
 25863 | D:11     | Found an ancient bone altar of Kikubaaqudgha.
 25863 | D:11     | Found a shimmering altar of Xom.
 26324 | D:12     | Noticed Urug
 26338 | D:12     | Killed Urug
 26874 | D:12     | Noticed Erolcha
 26881 | D:12     | Killed Erolcha
 26881 | D:12     | Received a gift from Okawaru
 26966 | D:12     | Found a staircase to the Orcish Mines.
 26967 | D:12     | Identified the +1 buckler "Nuosch" {rF+ rC++ rCorr Str+4
                  | Dex-3}
 27328 | D:13     | Identified the +3 buckler "Valuvunk" {rF- Will+ rCorr
                  | Slay+3} (Okawaru gifted it to you on level 13 of the
                  | Dungeon)
 27328 | D:13     | Received a gift from Okawaru
 29310 | D:14     | HP: 4/118 [meliai/divine providence (12)]
 29310 | D:14     | Mangled by a meliai

Illustrated notes

Levels and vault maps discovered:
D:1:      dpeg_arrival_short_road, layout_loops_ring,
          shapermc_ecumenical_altar_notcrosses
D:2:      layout_loops_ring, basic_altar, minmay_pentomino_t2, uniq_jessica
D:3:      layout_basic
D:4:      layout_cave_pods, serial_shops, nicolae_square_shop
D:5:      layout_rooms, eino_small_chamber_without_monster
D:6:      layout_loops_ring, kennysheep_slug_shrine, gup_sewer_entry_bowl,
          hellmonk_ghost_happy_afterlife, serial_shops, kennysheep_mini_moat,
          uniq_maggie
D:7:      layout_basic, minmay_temple_entry_gardened_gates
D:8:      layout_loops_ring, minmay_lair_entry_grove, minmay_holes, uniq_grum
D:9:      layout_basic, serial_shops, nicolae_shop_stone,
          minmay_misc_feat_diagonals
D:10:     layout_loops_corners, enter_bailey_3, special_room [special_room_orc],
          item_on_display_a
D:11:     layout_loops_ring, doesnt_xom_only_xom
D:12:     nicolae_cairo_tiling_very_big, layout_loops_ring, uniq_erolcha,
          uniq_urug
D:13:     lemuel_ice_spiral_2, layout_basic, minmay_tree_intersection
D:14:     layout_rooms, grunt_vaults_entry_fortified, kennysheep_big_empty_room,
          glass_columns_b, uniq_rupert
Temple:   roderic_octagonal_lattice_temple
Lair:1:   layout_roguey, nicolae_quartered_pool_impasse,
          hangedman_lair_unloving_vines, st_stairs_6
Lair:2:   layout_cave_pods, serial_bayou_pond_c, serial_bayou_shore_b
Lair:3:   layout_small_grid
Lair:4:   layout_long_grid, minmay_swamp_entry_worms,
          guppyfry_snake_entry_island
Lair:5:   layout_gridlike, chequers_serial_rivers_small_a, uniq_josephine
Lair:6:   evilmike_catoblepas_cave, layout_regular_city,
          nicolae_slime_entry_slimehenge, grunt_megastairs_4,
          serial_bayou_shore_a, uniq_kirke

Skill      XL: |  1  2  3  4  5  6  7  8  9 10 11 12 13 14 |
---------------+-------------------------------------------+-----
Stealth        | 1 |  1.7
Fighting       | 3 4 5 7 8 9 |  9.3
Bows           | 5 6 7 8 9 11 12 13 14 15 16 | 16.5
Dodging        | 3 4 5 6 7 8 |  8.4
Polearms       | 4 7 9 11 13 15 16 | 16.4
Invocations    | 5 8 10 11 | 11.6
Armour         | 3 6 8 9 |  9.3

Action                   |  1- 3 |  4- 6 |  7- 9 | 10-12 | 13-15 || total
-------------------------+-------+-------+-------+-------+-------++-------
Melee: Short sword       |    29 |       |       |       |       ||    29
       Headbutt          |     5 |     9 |    24 |    86 |   125 ||   249
       Punch             |     1 |     1 |       |    12 |    16 ||    30
       Morningstar       |    26 |    44 |       |       |       ||    70
       Trident           |       |    35 |   152 |   425 |   526 ||  1138
       Glaive            |       |       |    73 |    44 |    29 ||   146
 Fire: Shortbow          |    21 |    34 |    86 |   167 |       ||   308
       Longbow           |       |       |       |   126 |   227 ||   353
Invok: Heroism           |       |       |     1 |     6 |    13 ||    20
       Finesse           |       |       |       |     1 |     3 ||     4
  Use: Scroll            |     4 |     4 |     9 |    13 |     3 ||    33
       Potion            |       |       |       |       |     1 ||     1
Armor: Ring mail         |     9 |       |       |       |       ||     9
       Plate armour      |    30 |    80 |   154 |   201 |   269 ||   734
Dodge: Dodged            |    18 |    16 |    87 |   163 |   266 ||   550
